ESL (28 & UNDER)
NEWARK BULLDOGS @ KINGSTON IGUANAS
07/16/2026
 
TOP OF THE 1ST
Newark Bulldogs batting - Pitching for Kingston Iguanas : RHP Matt Nance
Pitching: RHP Matt Nance
Batting: LHB Gerardo Guzmán 0-0: Called Strike
0-1: Called Strike
0-2: Strikes out swinging
Batting: RHB Carl Byrd 0-0: Called Strike
0-1: Foul Ball, location: 2F
0-2: Ball
1-2: Strikes out looking
Batting: RHB Randy Simons 0-0: Called Strike
0-1: Called Strike
0-2: Ball
1-2: Strikes out swinging
Top of the 1st over - 0 run(s), 0 hit(s), 0 error(s), 0 left on base; Newark 0 - Kingston 0
BOTTOM OF THE 1ST
Kingston Iguanas batting - Pitching for Newark Bulldogs : LHP Ben Couch
Pitching: LHP Ben Couch
Batting: RHB Tim Davis 0-0: Called Strike
0-1: Swinging Strike
0-2: Foul Ball, location: 2F
0-2: Strikes out swinging
Batting: RHB Bill Crawley 0-0: Called Strike
0-1: Ball
1-1: Ball
2-1: Fly out, F7 (Flyball, 78M)
Batting: RHB Luis Aguilar 0-0: Ground out 4-3 (Groundball, 4)
Bottom of the 1st over - 0 run(s), 0 hit(s), 0 error(s), 0 left on base; Newark 0 - Kingston 0
TOP OF THE 2ND
Newark Bulldogs batting - Pitching for Kingston Iguanas : RHP Matt Nance
Batting: LHB Marvin Morris 0-0: Swinging Strike
0-1: Ball
1-1: Foul Ball, location: 2F
1-2: Ball
2-2: Ground out 4-3 (Groundball, 34)
Batting: RHB Larry Booth 0-0: Swinging Strike
0-1: Swinging Strike
0-2: Foul Ball, location: 2F
0-2: DOUBLE (Line Drive, 89S)
Batting: RHB Perry Henry 0-0: Foul Ball, location: 2F
0-1: Called Strike
0-2: Ball
1-2: Foul Ball, location: 2F
1-2: Ball
2-2: Foul Ball, location: 2F
2-2: Foul Ball, location: 2F
2-2: Ball
3-2: Ground out 5-3 (Groundball, 15S)
Larry Booth to third
Batting: LHB Owen Moreno 0-0: Foul Ball, location: 2F
0-1: Called Strike
0-2: Strikes out swinging
Top of the 2nd over - 0 run(s), 1 hit(s), 0 error(s), 1 left on base; Newark 0 - Kingston 0
BOTTOM OF THE 2ND
Kingston Iguanas batting - Pitching for Newark Bulldogs : LHP Ben Couch
Batting: RHB William Duncan 0-0: Ball
1-0: Called Strike
1-1: Ball
2-1: Ball
3-1: Foul Ball, location: 2F
3-2: Foul Ball, location: 2F
3-2: Foul Ball, location: 2F
3-2: Strikes out swinging
Batting: RHB Diego Francisco 0-0: Swinging Strike
0-1: Foul Ball, location: 2F
0-2: Strikes out looking
Batting: RHB Mike Johnson 0-0: Ball
1-0: Ball
2-0: Foul Ball, location: 2F
2-1: Ground out U3 (Groundball, 3)
Bottom of the 2nd over - 0 run(s), 0 hit(s), 0 error(s), 0 left on base; Newark 0 - Kingston 0
TOP OF THE 3RD
Newark Bulldogs batting - Pitching for Kingston Iguanas : RHP Matt Nance
Batting: RHB Leonardo Pinto 0-0: Ball
1-0: Ball
2-0: Foul Ball, location: 2F
2-1: Called Strike
2-2: Ball
3-2: Strikes out swinging
Batting: LHB Rocky Whitcomb 0-0: Fly out, F6 (Popup, 6D)
Batting: LHB Gerardo Guzmán 0-0: Ball
1-0: Ball
2-0: Called Strike
2-1: Called Strike
2-2: Strikes out looking
Top of the 3rd over - 0 run(s), 0 hit(s), 0 error(s), 0 left on base; Newark 0 - Kingston 0
BOTTOM OF THE 3RD
Kingston Iguanas batting - Pitching for Newark Bulldogs : LHP Ben Couch
Batting: LHB Billy Anderson 0-0: Ball
1-0: Swinging Strike
1-1: Ball
Single, Error in OF, E7, batter to second base
Batting: LHB Juan Romero 0-0: Fly out, F4 (Line Drive, 4)
Batting: RHB Bobby Armstrong Single, Error in OF, E7, batter to second base
Billy Anderson scores
Batting: RHB Tim Davis 0-0: Ball
1-0: Foul Ball, location: 2F
1-1: Foul Ball, location: 2F
1-2: 2-RUN HOME RUN (Flyball, 7LD), Distance : 345 ft
Batting: RHB Bill Crawley 0-0: Ball
1-0: Foul Ball, location: 2F
1-1: SINGLE (Groundball, 56D) (infield hit)
Batting: RHB Luis Aguilar 0-0: Ball
1-0: Fly out, F8 (Flyball, 78D)
Batting: RHB William Duncan 0-0: Foul Ball, location: 2F
0-1: Called Strike
Bill Crawley is caught stealing 2nd base
Bottom of the 3rd over - 3 run(s), 4 hit(s), 2 error(s), 0 left on base; Newark 0 - Kingston 3
TOP OF THE 4TH
Newark Bulldogs batting - Pitching for Kingston Iguanas : RHP Matt Nance
Batting: RHB Carl Byrd 0-0: Ball
1-0: Fly out, F3 (Popup, 3)
Batting: RHB Randy Simons 0-0: Foul Ball, location: 2F
0-1: Ball
1-1: Ball
2-1: Ball
3-1: Ground out 1-3 (Groundball, 15S)
Batting: LHB Marvin Morris 0-0: Ball
1-0: SINGLE (Groundball, 34D)
Batting: RHB Larry Booth 0-0: Called Strike
0-1: Ball
1-1: Ball
2-1: Foul Ball, location: 2F
2-2: DOUBLE (Line Drive, 78M)
Marvin Morris to third
Runner from 3rd tries for Home, SAFE, no throw or cutoff
Batting: RHB Perry Henry 0-0: Ball
1-0: Ground out 4-3 (Groundball, 34D)
Top of the 4th over - 1 run(s), 2 hit(s), 0 error(s), 1 left on base; Newark 1 - Kingston 3
BOTTOM OF THE 4TH
Kingston Iguanas batting - Pitching for Newark Bulldogs : LHP Ben Couch
Batting: RHB William Duncan 0-0: Ball
1-0: SINGLE (Groundball, 6MD)
Batting: RHB Diego Francisco 0-0: Ball
1-0: Called Strike
1-1: Swinging Strike
1-2: DOUBLE (Line Drive, 78D)
William Duncan to third
Batting: RHB Mike Johnson 0-0: Ball
1-0: Called Strike
1-1: SINGLE (Groundball, 34D)
William Duncan scores
Diego Francisco to third
Runner from 3rd tries for Home, throw and OUT!
Mike Johnson to second
Batting: LHB Billy Anderson 0-0: Ball
Passed Ball!
Mike Johnson to third
1-0: Foul Ball, location: 2F
1-1: Called Strike
1-2: Ground out U3 (Groundball, 3L)
Batting: LHB Juan Romero 0-0: Ground out 4-3 (Groundball, 4)
Bottom of the 4th over - 1 run(s), 3 hit(s), 0 error(s), 1 left on base; Newark 1 - Kingston 4
TOP OF THE 5TH
Newark Bulldogs batting - Pitching for Kingston Iguanas : RHP Matt Nance
Batting: LHB Owen Moreno 0-0: Ball
1-0: TRIPLE (Line Drive, 8RM)
Batting: RHB Leonardo Pinto 0-0: Foul Ball, location: 2F
0-1: Foul Ball, location: 2F
0-2: Foul Ball, location: 2F
0-2: Ball
1-2: Foul Ball, location: 2F
1-2: Fly out, F3 (Line Drive, 3L)
Batting: LHB Rocky Whitcomb 0-0: Ball
1-0: Ball
2-0: Called Strike
2-1: Ground out 1-3 (Groundball, 15)
Batting: LHB Gerardo Guzmán 0-0: Called Strike
0-1: Ball
1-1: Ball
2-1: Fly out, F8 (Flyball, 8LXD)
Top of the 5th over - 0 run(s), 1 hit(s), 0 error(s), 1 left on base; Newark 1 - Kingston 4
BOTTOM OF THE 5TH
Kingston Iguanas batting - Pitching for Newark Bulldogs : LHP Ben Couch
Batting: RHB Bobby Armstrong 0-0: Fly out, F8 (Flyball, 8RM)
Batting: RHB Tim Davis 0-0: Ball
1-0: Ball
2-0: Ball
3-0: Called Strike
3-1: SINGLE (Line Drive, 4D)
Batting: RHB Bill Crawley 0-0: Foul Ball, location: 2F
0-1: SINGLE (Line Drive, 34D)
Tim Davis to second
Batting: RHB Luis Aguilar 0-0: SINGLE (Flyball, 6MD)
Tim Davis to third
Bill Crawley to second
Runner from 3rd tries for Home, SAFE, no throw or cutoff
Batting: RHB William Duncan 0-0: Ball
1-0: Ball
2-0: Ball
3-0: Base on Balls
Bill Crawley to third
Luis Aguilar to second
Batting: RHB Diego Francisco 0-0: Ball
1-0: SINGLE (Groundball, 4MD)
Bill Crawley scores
Luis Aguilar to third
William Duncan to second
Runner from 3rd tries for Home, SAFE, no throw or cutoff
Pitching: RHP Jesús Salazar
Batting: RHB Mike Johnson 0-0: Called Strike
0-1: Grounds into double play, 1-4-3 (Groundball, 13S)
Bottom of the 5th over - 3 run(s), 4 hit(s), 0 error(s), 1 left on base; Newark 1 - Kingston 7
TOP OF THE 6TH
Newark Bulldogs batting - Pitching for Kingston Iguanas : RHP Matt Nance
Batting: RHB Carl Byrd 0-0: Ball
1-0: Called Strike
1-1: Swinging Strike
1-2: Strikes out swinging
Batting: RHB Randy Simons 0-0: Swinging Strike
0-1: Ball
1-1: Swinging Strike
1-2: Strikes out swinging
Batting: LHB Marvin Morris 0-0: Ball
1-0: Called Strike
1-1: Called Strike
1-2: Foul Ball, location: 2F
1-2: Ground out U3 (Groundball, 3)
Top of the 6th over - 0 run(s), 0 hit(s), 0 error(s), 0 left on base; Newark 1 - Kingston 7
BOTTOM OF THE 6TH
Kingston Iguanas batting - Pitching for Newark Bulldogs : RHP Jesús Salazar
Batting: LHB Billy Anderson 0-0: Ball
1-0: Ball
2-0: Ground out 1-3 (Groundball, 25)
Batting: LHB Juan Romero 0-0: Called Strike
0-1: Ball
1-1: Ball
2-1: Ball
3-1: Base on Balls
Batting: RHB Bobby Armstrong 0-0: Called Strike
Juan Romero is caught stealing 2nd base
0-1: Ball
1-1: Ball
2-1: Ball
3-1: Base on Balls
Batting: RHB Tim Davis Pickoff Throw to First - Error! E1
Bobby Armstrong to second
0-0: Ball
1-0: Swinging Strike
1-1: Ball
2-1: Swinging Strike
2-2: Ball
3-2: Strikes out swinging
Bottom of the 6th over - 0 run(s), 0 hit(s), 1 error(s), 1 left on base; Newark 1 - Kingston 7
TOP OF THE 7TH
Newark Bulldogs batting - Pitching for Kingston Iguanas : RHP Matt Nance
Pitching: LHP Joe Hazelwood
Batting: RHB Larry Booth 0-0: Ball
1-0: Called Strike
1-1: Ball
2-1: Ground out 5-3 (Groundball, 5)
Batting: RHB Perry Henry 0-0: Ball
1-0: Called Strike
1-1: Swinging Strike
1-2: Strikes out swinging
Batting: LHB Owen Moreno 0-0: Called Strike
0-1: Ball
1-1: Called Strike
1-2: Ball
2-2: Ground out 4-3 (Groundball, 4)
Top of the 7th over - 0 run(s), 0 hit(s), 0 error(s), 0 left on base; Newark 1 - Kingston 7
BOTTOM OF THE 7TH
Kingston Iguanas batting - Pitching for Newark Bulldogs : RHP Jesús Salazar
Batting: RHB Bill Crawley 0-0: Ball
1-0: Ground out 6-3 (Groundball, 56)
Pitching: RHP Jim Cook
Batting: RHB Luis Aguilar 0-0: Ball
1-0: Ball
2-0: Swinging Strike
2-1: Called Strike
2-2: Strikes out swinging
Batting: RHB William Duncan 0-0: Foul Ball, location: 2F
0-1: Ball
1-1: Called Strike
1-2: Ball
2-2: Foul Ball, location: 2F
2-2: Ball
3-2: Foul Ball, location: 2F
3-2: Base on Balls
Batting: RHB Diego Francisco 0-0: Called Strike
0-1: Ball
1-1: Ball
2-1: Foul Ball, location: 2F
2-2: Ball
3-2: SINGLE (Line Drive, 8LS)
William Duncan to second
William Duncan to third
Batting: RHB Mike Johnson 0-0: Ball
1-0: Ball
2-0: Ground out 1-3 (Groundball, 15S)
Bottom of the 7th over - 0 run(s), 1 hit(s), 0 error(s), 2 left on base; Newark 1 - Kingston 7
TOP OF THE 8TH
Newark Bulldogs batting - Pitching for Kingston Iguanas : LHP Joe Hazelwood
Batting: RHB Leonardo Pinto 0-0: Ball
1-0: Called Strike
1-1: Foul Ball, location: 2F
1-2: Ball
2-2: Strikes out swinging
Batting: LHB Rocky Whitcomb 0-0: Ball
1-0: Called Strike
1-1: Called Strike
1-2: Ball
2-2: Ball
3-2: Base on Balls
Batting: LHB Gerardo Guzmán 0-0: Ball
1-0: Ball
2-0: Called Strike
2-1: Foul Ball, location: 2F
2-2: Ball
3-2: Foul Ball, location: 2F
Error on foul ball, E9
3-2: SINGLE (Groundball, 15) (infield hit)
Rocky Whitcomb to second
Pitching: RHP Guo-fang Juan
Batting: RHB Carl Byrd 0-0: Swinging Strike
0-1: Called Strike
0-2: Strikes out looking
Batting: RHB Randy Simons 0-0: Called Strike
0-1: Ball
1-1: Fly out, F7 (Flyball, 7D)
Top of the 8th over - 0 run(s), 1 hit(s), 1 error(s), 2 left on base; Newark 1 - Kingston 7
BOTTOM OF THE 8TH
Kingston Iguanas batting - Pitching for Newark Bulldogs : RHP Jim Cook
Batting: LHB Billy Anderson 0-0: Foul Ball, location: 2F
0-1: Fly out, F7 (Flyball, 7S)
Batting: LHB Juan Romero 0-0: Foul Ball, location: 2F
0-1: Ball
1-1: Reached on error, E3 (Groundball, 3)
Batting: RHB Bobby Armstrong 0-0: Swinging Strike
0-1: Called Strike
0-2: Foul Ball, location: 2F
0-2: Foul Ball, location: 2F
0-2: Ball
1-2: Fly out, F8 (Flyball, 8LD)
Batting: RHB Tim Davis 0-0: Ball
1-0: Ground out 4-3 (Groundball, 4)
Bottom of the 8th over - 0 run(s), 0 hit(s), 1 error(s), 1 left on base; Newark 1 - Kingston 7
TOP OF THE 9TH
Newark Bulldogs batting - Pitching for Kingston Iguanas : RHP Guo-fang Juan
Now in RF: Steve Davis
Batting: LHB Marvin Morris 0-0: Swinging Strike
0-1: Foul Ball, location: 2F
0-2: Foul Ball, location: 2F
0-2: Foul Ball, location: 2F
0-2: Strikes out swinging
Batting: RHB Larry Booth 0-0: Ball
1-0: Fly out, F9 (Flyball, 9D)
Batting: RHB Perry Henry 0-0: Ground out 6-3 (Groundball, 6)
Top of the 9th over - 0 run(s), 0 hit(s), 0 error(s), 0 left on base; Newark 1 - Kingston 7
Monday, December 5th, 2016 - OOTP Baseball 17.12 Build 75